 Dungeon Crawl Stone Soup version 0.24-a0-789-g35933f4585 (webtiles) character file.

Game seed: 1580482005183698306, levelgen mode: deterministic

7505 HumanIsDead the Blocker (level 11, -1/77 HPs)
             Began as a Human Necromancer on Oct 10, 2019.
             Was a Priest of Sif Muna.
             Slain by a guardian serpent (11 damage)
             ... on level 2 of the Lair of Beasts.
             The game lasted 00:49:17 (19306 turns).

HumanIsDead the Blocker (Human Necromancer)        Turns: 19306, Time: 00:49:17

Health: -1/77      AC:  9    Str: 10    XL:     11   Next: 38%
Magic:  18/22      EV: 27    Int: 27    God:    Sif Muna [***...]
Gold:   551        SH:  6    Dex: 13    Spells: 14/24 levels left

rFire    + . .     SeeInvis .   R - +2 spear (venom)
rCold    . . .     Gourm    .   T - +0 buckler (curse)
rNeg     + . .     Faith    .   D - +2 ring mail "Xeuj" {rPois rF+ Int+9}
rPois    +         Spirit   .   t - +0 helmet
rElec    .         Reflect  .   Q - +0 cloak
rCorr    .         Harm     .   (no gloves)
MR       .....                  (no boots)
Stlth    +.........             E - amulet of the acrobat
HPRegen  0.22/turn              P - ring of poison resistance
MPRegen  0.18/turn              l - ring of positive energy

@: lethally poisoned (-1 -> -1), acrobat, hasted and slowed
A: no striking features
a: Channel Magic, Forget Spell, Renounce Religion


You were on level 2 of the Lair of Beasts.
You worshipped Sif Muna.
Sif Muna was most pleased with you.
You were not hungry.

You visited 3 branches of the dungeon, and saw 12 of its levels.

You collected 551 gold pieces.

Inventory:

Hand Weapons
 m - the +3 dire flail "Wusaol" {freeze, +Inv rN+ Stlth-}
   (You found it on level 8 of the Dungeon)

   It has been specially enchanted to freeze those struck by it, causing extra
   injury to most foes and up to half again as much damage against particularly
   susceptible opponents.
   It can also slow down cold-blooded creatures.
   It protects you from negative energy.
   It lets you turn invisible.
   It makes you less stealthy.
 s - a +2 dagger of protection
 R - a +2 spear of venom (weapon)
Missiles
 b - 251 stones
 g - 8 javelins (quivered)
 O - 3 throwing nets
Armour
 h - a scarf of cloud immunity
 o - a +0 shield
 t - a +0 helmet (worn)
 D - the +2 ring mail "Xeuj" (worn) {rPois rF+ Int+9}
   (You found it on level 8 of the Dungeon)

   It affects your intelligence (+9).
   It protects you from fire.
   It protects you from poison.
 Q - a +0 cloak (worn)
 T - a cursed +0 buckler (worn)
Jewellery
 l - a ring of positive energy (right hand)
 E - an amulet of the acrobat (around neck)
 G - an uncursed ring of see invisible
 P - a ring of poison resistance (left hand)
Wands
 x - a wand of random effects (29)
 I - a wand of scattershot (1)
 K - a wand of acid (2)
Scrolls
 e - a scroll of enchant armour
 f - a scroll of amnesia
 n - 2 scrolls of random uselessness
 r - a scroll of enchant weapon
 z - a scroll of fog
 A - 7 scrolls of magic mapping
 B - 2 scrolls of teleportation
 C - a scroll of noise
 H - a scroll of remove curse
 U - a scroll of holy word {unknown}
 V - 2 scrolls of blinking {unknown}
Potions
 a - 2 potions of invisibility {unknown}
 d - a potion of brilliance
 i - 6 potions of curing
 k - 2 potions of lignification
 q - a potion of magic
 u - a potion of mutation
 w - a potion of berserk rage
 F - 2 potions of resistance
 L - a potion of ambrosia {unknown}
 N - a potion of flight {unknown}
 X - a potion of degeneration {unknown}
Comestibles
 c - 19 rations
 p - 4 chunks of flesh


   Skills:
 - Level 4.0 Fighting
 - Level 4.0 Dodging
 - Level 2.0 Stealth
 + Level 9.2 Shields
 - Level 7.4 Spellcasting
 - Level 7.0 Conjurations
 - Level 5.0 Necromancy
 + Level 0.0 Transmutations
 - Level 7.0 Ice Magic


You had 14 spell levels left.
You knew the following spells:

 Your Spells              Type           Power        Failure   Level  Hunger
a - Pain                  Necr           ####         1%          1    None
b - Vampiric Draining     Necr           #####.....   5%          3    None
c - Throw Icicle          Conj/Ice       #####...     9%          4    ##.....
d - Sticks to Snakes      Tmut           ##......     22%         2    None

Your spell library contained the following spells:

 Spells                   Type           Power        Failure   Level  Hunger
 Animate Skeleton         Necr           N/A          1%          1    None
 Freeze                   Ice            ####         1%          1    None
 Throw Frost              Conj/Ice       #####.       1%          2    None
 Ozocubu's Armour         Chrm/Ice       ####....     11%         3    None
 Beastly Appendage        Tmut           ##....       14%         1    None
 Corona                   Hex            ##.....      14%         1    None
 Regeneration             Chrm/Necr      ###.......   16%         3    None
 Animate Dead             Necr           N/A          19%         4    ##.....
 Slow                     Hex            ##......     22%         2    None
 Ice Form                 Ice/Tmut       ####....     34%         4    ##.....
 Summon Ice Beast         Ice/Summ       ####....     34%         4    ##.....
 Inner Flame              Hex/Fire       ##......     41%         3    None
 Portal Projectile        Hex/Tloc       ##....       41%         3    None
 Spider Form              Tmut/Pois      ##........   41%         3    None
 Cause Fear               Hex            ##........   82%         4    ##.....
 Leda's Liquefaction      Hex/Erth       ##........   82%         4    ##.....
 Blade Hands              Tmut           ##........   99%         5    ####...


Dungeon Overview and Level Annotations

Branches:
Dungeon (9/15)             Temple (1/1) D:6            Lair (2/6) D:9
    Orc (0/2) D:9
  Swamp: Lair:2-4    Shoals: Lair:2-4     Snake: Lair:2-4    Spider: Lair:2-4

Altars:
Dithmenos
Gozag
Kikubaaqudgha
Makhleb
Nemelex Xobeh
Sif Muna
Uskayaw
Vehumet
Yredelemnul

Shops:
D:9 [

Annotations:
D:2 2 transporters, Menkaure, Terence


Message History

Okay, then.
You feel much better.
The guardian serpent coils itself and waves its upper body at you.
You feel as though you will be slow longer.
The guardian serpent closely misses you.
You feel yourself speed up.
You feel sick. The guardian serpent barely misses you.
The guardian serpent hits you!
The guardian serpent coils itself and waves its upper body at you.
The bolt of poison hits you! You resist.
* * * LOW HITPOINT WARNING * * *
The guardian serpent casts a spell at you.
The bolt of poison hits you. You resist.
* * * LOW HITPOINT WARNING * * *
You feel sick.
The guardian serpent looks more healthy.
The guardian serpent hits you.
* * * LOW HITPOINT WARNING * * *
Unknown command.
You feel sick. The guardian serpent hits you!
You die...

## #####.. .# #.### ##.. #. #.
#P......# ##.. ..P# ##..####.
.##.$....!## P.# #..##.
#....... P...........#
#.###.........[...(
...........##
#.##.#.######.###.#
#......S...P ##..##..#####..#
###
........####.........#.#..#####
#.#...###.##.@#####.P.......#.
#.P..###.#.#S†# #...##.#....
#.............#....##.P##....#
#.....................
...###P..#
###..P.#####...###..##.#.##
#...# ##.#.# ##### #######..
#..## ##### #.. ...# #.##.####
#####


You could see a guardian serpent.

Vanquished Creatures
  Harold (D:8)
  A two-headed ogre (D:9)
  2 spiny frogs (Lair:1)
  2 trolls
  4 blink frogs (Lair:1)
  3 hogs
  3 yaks
  A human (D:9)
  A hungry ghost (D:8)
  2 water moccasins
  A porcupine (Lair:2)
  A phantom (D:8)
  2 orc warriors
  3 sky beasts
  A crocodile (D:9)
  A centaur (D:8)
  6 bullfrogs
  A gnoll sergeant (D:8)
  A water moccasin skeleton (D:8)
  A scorpion (D:4)
  2 howler monkeys
  3 crimson imps
  A bullfrog zombie (D:8)
  3 hounds
  6 orc priests
  A centaur skeleton (D:6)
  2 gnoll shamans
  2 jellies
  7 orc wizards
  A bullfrog skeleton (D:6)
  An iguana (D:8)
  12 worker ants
  A hound skeleton (D:4)
  Robin (D:3)
  A worker ant zombie (D:6)
  27 gnolls
  A howler monkey skeleton (D:7)
  7 adders
  3 shadow imps
  An ooze (D:2)
  An adder zombie (D:5)
  3 worms
  2 dart slugs (D:1)
  6 leopard geckos
  26 orcs
  5 giant cockroaches
  11 goblins
  4 hobgoblins
  16 jackals
  3 quokkas
  4 ball pythons
  13 bats
  3 frilled lizards
  5 kobolds
  A quokka skeleton (D:4)
  19 rats
243 creatures vanquished.

Notes
Turn   | Place    | Note
-------+----------+-------------------------------------------
     0 | D:1      | HumanIsDead the Human Necromancer began the quest for the
                  | Orb.
     0 | D:1      | Reached XP level 1. HP: 13/13 MP: 3/3
   416 | D:1      | Reached XP level 2. HP: 18/20 MP: 1/5
   459 | D:1      | Reached skill level 1 in Fighting
   714 | D:1      | Reached XP level 3. HP: 10/26 MP: 0/6
  1802 | D:2      | Reached XP level 4. HP: 29/33 MP: 1/7
  1979 | D:2      | Learned a level 3 spell: Vampiric Draining
  2299 | D:2      | Found a shimmering blue altar of Sif Muna.
  2310 | D:2      | Became a worshipper of Sif Muna the Loreminder
  3226 | D:2      | Found a transporter.
  3231 | D:2      | Noticed Terence
  3248 | D:2      | Reached XP level 5. HP: 38/40 MP: 4/8
  3311 | D:2      | Found a transporter.
  3311 | D:2      | Found an ancient bone altar of Kikubaaqudgha.
  3318 | D:2      | Noticed Menkaure
  3321 | D:2      | Found a basalt altar of Yredelemnul.
  3883 | D:3      | HP: 2/41 [orc wizard/+0 dagger (3)]
  4732 | D:3      | Reached XP level 6. HP: 46/48 MP: 4/9
  5000 | D:3      | Noticed Robin
  5001 | D:3      | Reached * piety under Sif Muna
  5026 | D:3      | Killed Robin
  6121 | D:4      | Reached skill level 5 in Necromancy
  6415 | D:4      | Found a shadowy altar of Dithmenos.
  6447 | D:4      | Reached XP level 7. HP: 52/54 MP: 6/11
  6624 | D:4      | Reached ** piety under Sif Muna
  7058 | D:4      | Found a burning altar of Makhleb.
  7060 | D:4      | Found a radiant altar of Vehumet.
  7061 | D:4      | Found a sparkling altar of Nemelex Xobeh.
  7640 | D:4      | Found a hide-covered altar of Uskayaw.
  7675 | D:4      | You fall into a shaft and drop 2 floors!
  7702 | D:5      | Entered Level 5 of the Dungeon
  8317 | D:4      | Reached skill level 5 in Spellcasting
  8317 | D:4      | Reached XP level 8. HP: 57/60 MP: 5/15
  8553 | D:5      | Reached skill level 1 in Shields
  9078 | D:6      | Reached skill level 2 in Shields
  9498 | D:6      | Reached skill level 3 in Shields
 10241 | D:6      | Found a staircase to the Ecumenical Temple.
 10317 | Temple   | Entered the Ecumenical Temple
 10407 | D:6      | Reached skill level 4 in Shields
 10428 | D:6      | Reached XP level 9. HP: 15/65 MP: 12/19
 11285 | D:6      | Reached skill level 5 in Shields
 11624 | D:7      | Reached *** piety under Sif Muna
 11790 | D:7      | You fall into a shaft and drop 2 floors!
 11844 | D:9      | Learned a level 4 spell: Throw Icicle
 11933 | D:8      | Got a twisted ring mail
 11972 | D:8      | Noticed Harold
 12016 | D:9      | Found Cysakhlu's Antique Armour Boutique.
 12462 | D:8      | Reached skill level 1 in Conjurations
 12462 | D:8      | Reached skill level 1 in Ice Magic
 12710 | D:8      | Killed Harold
 12710 | D:8      | Reached skill level 6 in Shields
 12710 | D:8      | Reached XP level 10. HP: 68/71 MP: 1/21
 12925 | D:8      | Got a dazzling dire flail
 13133 | D:7      | Identified the +3 dire flail "Wusaol" {freeze, +Inv rN+
                  | Stlth-} (You found it on level 8 of the Dungeon)
 13277 | D:7      | Identified the +2 ring mail "Xeuj" {rPois rF+ Int+9} (You
                  | found it on level 8 of the Dungeon)
 15320 | D:9      | Found an opulent altar of Gozag.
 15384 | D:9      | Noticed a two-headed ogre
 15414 | D:8      | Reached skill level 5 in Conjurations
 15414 | D:8      | Reached skill level 5 in Ice Magic
 15793 | D:9      | Killed a two-headed ogre
 16087 | D:8      | Reached skill level 7 in Shields
 16716 | D:9      | Found a staircase to the Lair.
 16716 | D:9      | Found a staircase to the Orcish Mines.
 17496 | Lair:1   | Entered Level 1 of the Lair of Beasts
 17500 | Lair:1   | Noticed a spiny frog
 17508 | Lair:1   | Killed a spiny frog
 17508 | Lair:1   | Reached XP level 11. HP: 36/77 MP: 11/22
 18488 | Lair:1   | Reached skill level 8 in Shields
 19030 | Lair:2   | Reached skill level 9 in Shields
 19278 | Lair:2   | Learned a level 2 spell: Sticks to Snakes
 19306 | Lair:2   | Slain by a guardian serpent

Levels and vault maps discovered:
D:1:      erik_arrival_orb_chamber, layout_basic, minmay_misc_feat_cross,
          st_stairs_4
D:2:      layout_loops_ring, gammafunk_temple_of_torment, lemuel_round_altar,
          first_ration, uniq_terence
D:3:      layout_basic, uniq_robin
D:4:      layout_loops_ring, nicolae_overflow_hidden_temple,
          chequers_temple_overflow_statue_of_worship, grunt_dithmenos_smoke
D:5:      layout_cave_pools
D:6:      layout_gridville, minmay_temple_entry_statues_fountains
D:7:      layout_layer_cave
D:8:      layout_layer_cave, uniq_harold
D:9:      layout_roguey, lair_entry_dummy, orc_0_dummy, basic_altar,
          serial_shops, shop, grunt_livestock
Temple:   regret_index_temple_generic_petals
Lair:1:   layout_concentric_octagons
Lair:2:   layout_loops_ring, minmay_snake_entry_spellcaster, basic_altar,
          st_stairs_4, minivault_19

Skill      XL: |  1  2  3  4  5  6  7  8  9 10 11 |
---------------+----------------------------------+-----
Fighting       | 1 2 3 4 |  4.0
Dodging        | 3 4 |  4.0
Necromancy     | 5 |  5.0
Spellcasting   | 5 6 7 |  7.4
Shields        | 4 6 7 9 |  9.2
Conjurations   | 3 6 7 |  7.0
Ice Magic      | 3 6 7 |  7.0
Stealth        | |  2.0

Action                   |  1- 3 |  4- 6 |  7- 9 | 10-12 || total
-------------------------+-------+-------+-------+-------++-------
Melee: Unarmed           |     3 |       |       |       ||     3
       Dagger            |    26 |    44 |    44 |       ||   114
       Whip              |       |     6 |       |       ||     6
       Short sword       |       |    23 |   141 |    15 ||   179
       Spear             |       |       |       |   148 ||   148
Throw: Stone             |     1 |       |       |       ||     1
       Javelin           |       |       |       |     4 ||     4
 Cast: Pain              |    58 |   195 |   233 |   141 ||   627
       Vampiric Draining |       |    10 |    30 |    34 ||    74
       Throw Icicle      |       |       |       |     5 ||     5
Evoke: Wand              |       |       |       |     7 ||     7
  Use: Scroll            |       |       |    11 |    12 ||    23
       Potion            |       |       |     1 |     5 ||     6
 Stab: Sleeping          |       |     1 |     2 |       ||     3
  Eat: Chunk             |     3 |    20 |    20 |    16 ||    59
       Ration            |       |       |       |     3 ||     3
Armor: Robe              |     9 |    25 |       |       ||    34
       Leather armour    |       |       |    70 |     7 ||    77
       Ring mail         |       |       |       |    58 ||    58
Dodge: Dodged            |    43 |    95 |   222 |   140 ||   500
Block: Buckler           |       |       |       |    16 ||    16

Table legend:
 A = Non-vault XP
 B = Vault XP
 C = Vault XP percentage of total XP
 D = Non-vault monster count
 E = Vault monster count
 F = Vault count percentage of total count
                 A         B        C        D         E       F
            +---------+---------+-------+---------+---------+-------
      Total |    8839 |    1883 |  17.6 |     216 |      27 |  11.1
            +---------+---------+-------+---------+---------+-------
        D:1 |      42 |      14 |  25.0 |      23 |      14 |  37.8
        D:2 |      94 |       0 |   0.0 |      22 |       0 |   0.0
        D:3 |     233 |      29 |  11.1 |      35 |       8 |  18.6
        D:4 |     587 |       0 |   0.0 |      33 |       0 |   0.0
        D:5 |     391 |       0 |   0.0 |       9 |       0 |   0.0
        D:6 |     729 |       0 |   0.0 |      22 |       0 |   0.0
        D:7 |     582 |       0 |   0.0 |      19 |       0 |   0.0
        D:8 |    1378 |    1252 |  47.6 |      21 |       2 |   8.7
        D:9 |    1773 |     588 |  24.9 |      19 |       3 |  13.6
     Lair:1 |    2353 |       0 |   0.0 |       9 |       0 |   0.0
     Lair:2 |     677 |       0 |   0.0 |       4 |       0 |   0.0
            +---------+---------+-------+---------+---------+-------
